 Seeded DCSS version 0.30.1-4-g462c640d31 (webtiles) character file.

Game seed: 13072137714890895578 (custom seed)

5883 sircluck the Severer (level 10, 0/90 HPs)
             Began as a Hill Orc Fighter on Aug 20, 2023.
             Was a Priest of Beogh.
             Slain by a gnoll bouda
             ... wielding a +0 spear
              (6 damage)
             ... in a bailey.
             The game lasted 00:17:17 (7053 turns).

sircluck the Severer (Hill Orc Fighter)             Turns: 7053, Time: 00:17:23

Health: 0/90       AC: 13    Str: 28    XL:     10   Next: 82%
Magic:  22/22      EV:  8    Int:  7    God:    Beogh [***...]
Gold:   747        SH:  0    Dex:  9    Spells: 8/9 levels left

rFire   . . .        q - +8 frozen axe "Frostbite" {freeze, freezing cloud, *Noise Fly rC+}
rCold   + . .        (shield currently unavailable)
rNeg    . . .        u - +0 plate armour
rPois   .            E - +0 helmet
rElec   +            J - +0 cloak
rCorr   .            (no gloves)
SInv    +            (no boots)
Will    .....        G - amulet "Nuaxzeps" {Regen+ SInv} Stlth
                     D - ring of magical power
HPRegen 1.15/turn    C - ring of wizardry
MPRegen 0.18/turn

%: wizardry (x1)
@: flying
A: iridescent scales 1, deformed body, electricity resistance, strong 1
a: Renounce Religion, Smiting


You were in a bailey.
You worshipped Beogh.
Beogh was most pleased with you.
You visited 2 branches of the dungeon, and saw 10 of its levels.
You also visited: Bailey.

You collected 747 gold pieces.

Inventory:

Hand Weapons
 a - a +0 war axe
 q - the +8 frozen axe "Frostbite" (weapon) {freeze, freezing cloud, *Noise Fly rC+}
   (You found it on level 3 of the Dungeon)

   rC:        It protects you from cold.
   Fly:       It grants you flight.
   *Noise:    It may make noises in combat.
Missiles
 N - 2 throwing nets (quivered)
Armour
 b - a +0 scale mail
 u - a +0 plate armour (worn)
 E - a +0 helmet (worn)
 J - a +0 cloak (worn)
 M - +0 steam dragon scales
Jewellery
 n - a ring of flight
 C - a ring of wizardry (right hand)
 D - a ring of magical power (left hand)
 G - the amulet "Nuaxzeps" (around neck) {Regen+ SInv}
   (You found it on level 7 of the Dungeon)

   [amulet of regeneration]

   SInv:      It lets you see invisible.
   Regen:     It increases your rate of health regeneration.
 L - an amulet of guardian spirit
Wands
 c - a wand of iceblast (20)
 O - a wand of charming (7)
Scrolls
 j - 2 scrolls of enchant weapon {unknown}
 k - 2 scrolls of teleportation {unknown}
 l - 7 scrolls of fog {unknown}
 m - 2 scrolls of magic mapping {unknown}
 r - a scroll of noise {unknown}
 s - 10 scrolls of identify {unknown}
 v - 2 scrolls of enchant armour {unknown}
 w - a scroll of brand weapon {unknown}
 y - 2 scrolls of blinking {unknown}
 F - a scroll of vulnerability {unknown}
 H - a scroll of amnesia {unknown}
 I - a scroll of summoning {unknown}
 K - a scroll of fear {unknown}
Potions
 d - 2 potions of might
 e - 3 potions of brilliance {unknown}
 f - 2 potions of heal wounds {unknown}
 g - 3 potions of flight {unknown}
 h - 2 potions of degeneration {unknown}
 i - 4 potions of curing {unknown}
 o - 4 potions of mutation
 p - a potion of invisibility {unknown}
 t - a potion of haste {unknown}
 x - a potion of lignification {unknown}
 z - a potion of ambrosia {unknown}
 A - a potion of cancellation {unknown}
 B - 4 potions of berserk rage {unknown}


   Skills:
 + Level 8.4 Fighting
 + Level 15.3 Axes
 + Level 8.3 Armour
 - Level 1.2 Dodging
 - Level 0.2 Stealth
 + Level 3.6 Shields
 + Level 1.1 Poison Magic
 * Level 4.8 Invocations


You had 8 spell levels left.
You knew the following spells:

 Your Spells              Type           Power      Damage    Failure   Level
a - Sting                 Tmut/Pois      0%         1d3       75%         1

Your spell library contained the following spells:

 Spells                   Type           Power      Damage    Failure   Level
 Freeze                   Ice            0%         1d3       82%         1
 Poisonous Vapours        Pois/Air       0%         N/A       86%         2
 Static Discharge         Conj/Air       0%         2-2/arc   91%         2
 Mephitic Cloud           Conj/Pois/Air  0%         N/A       98%         3
 Frozen Ramparts          Ice            0%         1d1       99%         3
 Hailstorm                Conj/Ice       0%         3d3       99%         3
 Airstrike                Air            0%         2d(0-16)  100%        4
 Animate Dead             Necr           0%         N/A       100%        4
 Olgreb's Toxic Radiance  Pois           1%         N/A       100%        4
 Summon Lightning Spire   Summ/Air       0%         N/A       100%        4
 Freezing Cloud           Conj/Ice/Air   0%         6-21      100%        5
 Haunt                    Necr/Summ      0%         N/A       100%        7
 Infestation              Necr           0%         N/A       100%        8


Dungeon Overview and Level Annotations

Branches:
Dungeon (9/15)             Temple (1/1) D:6          Bailey (1/1)
   Lair: D:8-11         Orc: D:9-12

Altars:
Ashenzari
Cheibriados
Dithmenos
Elyvilon
Fedhas
Gozag
Hepliaklqana
Kikubaaqudgha
Okawaru
Qazlal
Ru
Sif Muna
Trog
Uskayaw
Vehumet
Wu Jian
Xom
Yredelemnul
Zin
The Shining One

Shops:
D:3 =*


Innate Abilities, Weirdness & Mutations

You are partially covered in iridescent scales. (AC +2)
Armour fits poorly on your strangely shaped body.
You are resistant to electric shocks. (rElec)
Your muscles are strong. (Str +4, Int/Dex -1)


Message History

You are too injured to fight recklessly!
The gnoll sergeant barely misses you.
The gnoll sergeant hits you from afar with a +0 glaive!
Aiming: Iceblast
Press: ? - help, Q - select action, (/) - cycle Shift-Dir - straight line, f - gnoll bouda
Aim: a gnoll bouda, wielding a +0 spear and wearing a +0 scale mail The mass of ice explodes!
The iceblast engulfs the gnoll bouda!
The gnoll bouda is severely wounded.
The iceblast engulfs the gnoll sergeant.
The gnoll sergeant is lightly wounded.
The iceblast engulfs the gnoll sergeant!
The gnoll sergeant is severely wounded.
You hear a shout! x2; You hear a howl!
You hear a shout! x2
The gnoll sergeant hits you from afar with a +0 halberd!
* * * LOW HITPOINT WARNING * * *
The gnoll sergeant hits you from afar with a +0 glaive.
* * * LOW HITPOINT WARNING * * *
The gnoll bouda hits you from afar with a +0 spear!
* * * LOW HITPOINT WARNING * * *
Something unseen opens the door.
You hear a shout! x3
A gnoll comes into view. It is wielding a +0 halberd.
A gnoll comes into view. It is wielding a +0 spear.
The gnoll shouts! x2; You hear a shout!
A gnoll comes into view. It is wielding a +0 halberd.
There is an open door here.
A gnoll comes into view. It is wielding a +0 halberd.
The gnoll shouts!
A wolf comes into view.
A gnoll bouda comes into view. It is wielding a +0 halberd.
The gnoll sergeant hits you from afar with a +0 halberd!
* * * LOW HITPOINT WARNING * * *
It was a potion of mutation.
You feel extremely strange.
Your body twists and deforms.
You feel stronger.
You feel insulated.
Iridescent scales grow over part of your body.
The wolf howls!
A gnoll comes into view. It is wielding a +0 spear.
The gnoll barely misses you.
The gnoll bouda hits you from afar with a +0 spear.
You die...

♣♣♣♣♣♣♣♣♣♣♣♣♣♣♣♣♣♣♣
♣♣≈≈≈≈≈≈≈≈≈≈≈≈≈≈≈≈≈♣♣
♣≈≈...............≈≈♣
♣≈.................≈♣
♣≈..#####...#####..≈♣
♣≈.##...#@.g#...##.≈♣
♣≈##...g'...gg...##≈♣
♣≈#..)gg#...#g... #≈♣
♣≈#8..g.##+## .g. #≈♣
♣≈#...h## g #≈♣
♣≈#...## #≈♣ ♣≈#...
#≈♣ ♣≈#... #≈♣ ♣≈#...
#≈♣


You could see 3 gnoll sergeants, a wolf, 2 gnoll boudas and 5 gnolls.

Vanquished Creatures
  An ugly thing (D:7)
  2 hornets (D:8)
  A polar bear (shapeshifter) (D:8)
  A shadow (D:9)
  A wyvern (D:7)
  A wraith (D:8)
  4 yaks (D:6)
  2 steam dragons (D:8)
  3 water moccasins (D:7)
  3 ice beasts
  3 orc warriors
  2 ogres (D:6)
  A wolf (Bailey)
  5 centaurs
  A phantom (D:5)
  A kobold brigand (D:8)
  2 bullfrogs
  2 gnoll sergeants
  3 scorpions
  3 wights (D:8)
  6 killer bees
  3 howler monkeys
  2 lava snakes (D:7)
  3 orc priests
  5 hounds
  2 jellies
  A gnoll bouda (D:8)
  5 iguanas
  2 sleepcaps
  5 orc wizards
  7 gnolls
  9 adders
  A shadow imp (D:8)
  3 white imps
  An ufetubus (D:6)
  A worm (D:4)
  3 dart slugs
  29 orcs
  8 endoplasms
  6 giant cockroaches
  7 goblins
  5 hobgoblins
  7 jackals
  5 quokkas
  6 ball pythons
  5 bats
  4 frilled lizards
  13 kobolds
  5 rats
201 creatures vanquished.

Vanquished Creatures (collateral kills)
  2 goblins (D:9)
2 creatures vanquished.

Vanquished Creatures (others)
  4 orcs
  An endoplasm (D:4)
  A hobgoblin (D:4)
6 creatures vanquished.

Grand Total: 209 creatures vanquished

Notes
Turn   | Place    | Note
-------+----------+-------------------------------------------
     0 | D:1      | sircluck the Hill Orc Fighter began the quest for the Orb.
     0 | D:1      | Reached XP level 1. HP: 19/19 MP: 1/1
   150 | D:1      | Reached XP level 2. HP: 20/27 MP: 2/2
   170 | D:1      | Reached skill level 3 in Axes
   345 | D:1      | Found a faded altar of an unknown god.
   374 | D:1      | Reached XP level 3. HP: 24/33 MP: 3/3
   917 | D:2      | Reached XP level 4. HP: 41/41 MP: 4/4
  1383 | D:3      | Found the +8 frozen axe "Frostbite" {freeze, freezing
                  | cloud, *Noise Fly rC+}
  1448 | D:3      | Found Heh Veopt's Jewellery Shop.
  1525 | D:3      | Reached skill level 4 in Axes
  1587 | D:3      | Found an opulent altar of Gozag.
  1596 | D:3      | Found Gozag's Platinum Reserve.
  1886 | D:4      | Noticed a scorpion
  1893 | D:4      | Killed a scorpion
  1894 | D:4      | Reached XP level 5. HP: 31/47 MP: 5/5
  1990 | D:4      | Reached skill level 5 in Axes
  2027 | D:4      | Reached skill level 1 in Dodging
  2182 | D:4      | Reached XP level 6. HP: 53/53 MP: 6/6
  2185 | D:4      | Became a worshipper of Beogh the Brigand
  2359 | D:4      | Reached skill level 6 in Axes
  2448 | D:4      | Found a basalt altar of Yredelemnul.
  2642 | D:5      | Entered Level 5 of the Dungeon
  2903 | D:5      | Reached * piety under Beogh
  2904 | D:5      | Reached skill level 5 in Fighting
  2904 | D:5      | Reached skill level 7 in Axes
  2904 | D:5      | Reached XP level 7. HP: 61/61 MP: 7/7
  3044 | D:5      | Identified the +7 trident of Insomnia {vamp, rCorr}
  3204 | D:5      | Reached skill level 8 in Axes
  3441 | D:6      | Reached skill level 5 in Armour
  3647 | D:6      | Found a staircase to the Ecumenical Temple.
  3652 | D:6      | Reached skill level 9 in Axes
  3661 | D:6      | Reached XP level 8. HP: 41/69 MP: 8/8
  3679 | Temple   | Entered the Ecumenical Temple
  3938 | D:6      | Noticed a yak
  3938 | D:6      | Noticed a yak
  3939 | D:6      | Noticed a yak
  3939 | D:6      | Noticed a yak
  3940 | D:6      | Found a hide-covered altar of Uskayaw.
  3947 | D:6      | Killed a yak
  3952 | D:6      | Killed a yak
  3953 | D:6      | Reached skill level 10 in Axes
  3956 | D:6      | Killed a yak
  3958 | D:6      | Killed a yak
  3959 | D:6      | Reached skill level 11 in Axes
  4430 | D:7      | Reached XP level 9. HP: 68/75 MP: 9/9
  4556 | D:7      | Reached skill level 12 in Axes
  4805 | D:7      | Learned a level 1 spell: Sting
  5195 | D:7      | Found a sacrificial altar of Ru.
  5322 | D:7      | Found a snail-covered altar of Cheibriados.
  5323 | D:7      | Found a broken altar of Ashenzari.
  5363 | D:7      | Identified the amulet "Nuaxzeps" {Regen+ SInv}
  5437 | D:8      | Reached skill level 13 in Axes
  5496 | D:8      | Reached ** piety under Beogh
  5502 | D:8      | Noticed a hornet
  5515 | D:8      | Paralysed by a hornet for 3 turns
  5517 | D:8      | Killed a hornet
  5520 | D:8      | Reached skill level 1 in Poison Magic
  5582 | D:8      | Noticed a white ugly thing
  5585 | D:7      | Reached skill level 1 in Invocations
  5622 | D:7      | Killed a white ugly thing
  5623 | D:7      | Reached skill level 14 in Axes
  5623 | D:7      | Reached XP level 10. HP: 46/86 MP: 11/11
  5948 | D:8      | Found a bloodstained altar of Trog.
  6162 | D:8      | Found a shadowy altar of Dithmenos.
  6193 | D:8      | Found an ornate altar of the Wu Jian Council.
  6196 | D:8      | Found a hazy altar of Hepliaklqana.
  6447 | D:8      | Found a shimmering altar of Xom.
  6450 | D:8      | Found a glowing golden altar of the Shining One.
  6454 | D:8      | Found a blossoming altar of Fedhas.
  6458 | D:8      | Found an iron altar of Okawaru.
  6699 | D:9      | Reached *** piety under Beogh
  6750 | D:9      | Reached skill level 15 in Axes
  6892 | D:9      | Gained Arkwar as an ally
  6897 | D:9      | Found a flagged portal.
  6905 | Bailey   | Entered a bailey
  7053 | Bailey   | Gained mutation: Armour fits poorly on your strangely
                  | shaped body. [potion of mutation]
  7053 | Bailey   | Gained mutation: Your muscles are strong. (Str +4, Int/Dex
                  | -1) [potion of mutation]
  7053 | Bailey   | Gained mutation: You are resistant to electric shocks.
                  | (rElec) [potion of mutation]
  7053 | Bailey   | Gained mutation: You are partially covered in iridescent
                  | scales. (AC +2) [potion of mutation]
  7053 | Bailey   | Slain by a gnoll bouda

Illustrated notes

Levels and vault maps discovered:
D:1:      saegor_arrival_simple_e, layout_rooms,
          dilly_ecumenical_altar_fadedgnrine
D:2:      layout_basic, serial_park_tiny_1, chequers_big_river, minmay_tall_x
D:3:      layout_basic, nicolae_gozag_zags_fifth_avenue, serial_shops, shop
D:4:      cheibrodos_old_hovel, layout_loops_ring, mainiacjoe_overflow_brackets
D:5:      layout_loops_ring
D:6:      layout_loops_ring, nicolae_uskayaw_murder_on_the_dancefloor,
          minmay_temple_entry_nine_rooms, nrook_campfire
D:7:      layout_gridville, nicolae_overflow_two_pavilions,
          amcnicky_altar_gilded
D:8:      cheibrodos_fzero, layout_loops_corners,
          mainiacjoe_overflow_concentric_impassable,
          nicolae_overflow_hallway_of_the_gods, nicolae_dithmenos_the_darkroom
D:9:      layout_loops_ring, enter_bailey_3
Temple:   nicolae_temple_two_arcs
Bailey:   bailey_polearm_gnolls_kennysheep, bailey

Skill      XL: |  1  2  3  4  5  6  7  8  9 10 |
---------------+-------------------------------+-----
Axes           | 3 4 5 7 9 11 14 15 | 15.3
Fighting       | 4 5 6 7 8 |  8.4
Armour         | 4 5 6 7 8 |  8.3
Dodging        | 1 |  1.2
Poison Magic   | 1 |  1.1
Invocations    | 2 4 |  4.8
Stealth        | |  0.2
Shields        | |  3.6

Action                     |  1- 3 |  4- 6 |  7- 9 | 10-12 || total
---------------------------+-------+-------+-------+-------++-------
  Melee: War axe           |   120 |    27 |       |       ||   147
         Executioner's axe |       |    81 |   135 |    87 ||   303
 Invoke: Convert to Beogh  |       |     1 |       |       ||     1
  Evoke: Wand              |       |       |       |     1 ||     1
    Use: Potion            |       |       |       |     1 ||     1
   Stab: Distracted        |       |       |       |     1 ||     1
 Armour: Scale mail        |    76 |    53 |       |       ||   129
         Plate armour      |       |    19 |    95 |    83 ||   197
  Dodge: Dodged            |    65 |    54 |    63 |    48 ||   230
  Block: Buckler           |    29 |     4 |       |       ||    33
